 Dungeon Crawl Stone Soup version 0.29.1-13-g9f3cf754e1 (webtiles) character file.

Game seed: 12053680603440666411

31 LSt the Covert (level 3, -3/35 HPs)
             Began as a Gnoll Delver on Feb 8, 2023.
             Splashed by a jelly's acid (10 damage)
             ... on level 3 of the Dungeon.
             The game lasted 00:07:47 (796 turns).

LSt the Covert (Gnoll Delver)                        Turns: 796, Time: 00:07:47

Health: -3/35      AC: -8    Str: 13    XL:     3   Next: 22%
Magic:  13/13      EV: 13    Int: 15    God:
Gold:   88         SH:  0    Dex: 13    Spells: 3/3 levels left

rFire   . . .      SeeInvis .   a - +0 mace
rCold   . . .      Faith    .   (no shield)
rNeg    . . .      Spirit   .   i - +0 leather armour
rPois   .          Reflect  .   (no helmet)
rElec   .          Harm     .   (no cloak)
rCorr   .          Rampage  .   (no gloves)
Will    .....                   (no boots)
Stlth   ++++......              (no amulet)
HPRegen 0.11/turn               k - +6 ring of intelligence
MPRegen 0.13/turn               q - ring of magical power

@: corroded
A: fangs 1, strong nose, distributed training
a: no special abilities


You were on level 3 of the Dungeon.
You visited 1 branch of the dungeon, and saw 4 of its levels.

You collected 88 gold pieces.

Inventory:

Hand Weapons
 a - a +0 mace (weapon)
 b - a +0 dagger
 p - a +0 falchion
 v - a +0 hand axe
Missiles
 j - 12 stones (quivered)
 u - 3 boomerangs
Armour
 i - a +0 leather armour (worn)
 w - a +0 chain mail
Jewellery
 k - a +6 ring of intelligence (left hand)
 q - a ring of magical power (right hand)
 r - a ring of magical power
Wands
 g - a wand of digging (3)
 s - a wand of roots (4)
Scrolls
 c - a scroll of fog
 d - 2 scrolls of magic mapping
 e - a scroll of fear
 h - 4 scrolls of identify
 m - a scroll of blinking {unknown}
 n - 3 scrolls of enchant armour {unknown}
 o - 2 scrolls of teleportation {unknown}
 t - a scroll of poison {unknown}
 x - a scroll of immolation {unknown}
Potions
 f - a potion of haste
 l - a potion of mutation


   Skills:
 + Level 6.5 Fighting
 + Level 0.7 Short Blades
 + Level 0.7 Long Blades
 + Level 0.7 Axes
 + Level 4.5 Maces & Flails
 + Level 0.7 Polearms
 + Level 0.7 Staves
 + Level 0.7 Ranged Weapons
 + Level 0.7 Throwing
 + Level 0.7 Armour
 + Level 4.5 Dodging
 + Level 9.5 Stealth
 + Level 0.7 Shields
 + Level 0.7 Unarmed Combat
 + Level 0.7 Spellcasting
 + Level 0.5 Conjurations
 + Level 0.5 Hexes
 + Level 0.5 Summonings
 + Level 0.5 Necromancy
 + Level 0.5 Translocations
 + Level 0.5 Transmutations
 + Level 0.5 Fire Magic
 + Level 0.5 Ice Magic
 + Level 0.5 Air Magic
 + Level 0.5 Earth Magic
 + Level 0.5 Poison Magic
 + Level 0.9 Invocations
 + Level 0.7 Evocations


You had 3 spell levels left.
You didn't know any spells.
Your spell library was empty.

Dungeon Overview and Level Annotations

Branches:
Dungeon (5/15)
 Temple: D:4-7

Altars:
Fedhas
Xom

Shops:
D:4 ?


Innate Abilities, Weirdness & Mutations

You have very sharp teeth.
Your uncanny sense of smell can sniff out nearby items.
Your experience applies equally to all skills.


Message History

You bite the hobgoblin, but do no damage.
The hobgoblin is heavily wounded.
The hobgoblin hits you. The hobgoblin barely misses you.
You hit the hobgoblin but do no damage.
The hobgoblin is heavily wounded.
The hobgoblin misses you.
Press: ? - help, v - describe, . - travel
Here: a jelly The floor.
The hobgoblin attacks as you move away! The hobgoblin closely misses you.
You hit the hobgoblin.
You kill the hobgoblin!
Press: ? - help, v - describe, . - travel
Here: a jelly The floor.
You hit the jelly. The acid corrodes you!
Your hands burn!
The jelly is moderately wounded.
The jelly hits you.
You are splashed with acid!
Press: ? - help, v - describe, . - travel, g - get item
Here: a jelly (moderately wounded) Item here: a scroll of fog.
The floor.
The jelly attacks as you move away! The jelly hits you. The acid corrodes you!
You are splashed with acid!
* * * LOW HITPOINT WARNING * * *
Okay, then.
Okay, then.
Aiming: Fastroot
Press: ? - help, Shift-Dir - straight line
Okay, then.
Aiming: Fastroot
Press: ? - help, Shift-Dir - straight line The roots erupt in riotous growth!
The jelly is unaffected.
The jelly barely misses you.
Aiming: Fastroot
Press: ? - help, Shift-Dir - straight line The roots erupt in riotous growth!
The jelly is unaffected.
The jelly hits you.
* * * LOW HITPOINT WARNING * * *
The acid corrodes you!
You are splashed with acid!
You die...

♣♣.♣♣ ♣.♣♣
##########
♣♣.♣
.........#
♣♣.♣
.##......###
♣..♣
.8#........#
♣.♣♣
.##........#
♣.♣ ♣♣♣
.##......###
♣.♣♣♣♣.♣♣♣
.##......##
♣.@J♣†...♣
.8#.......#
♣.....♣?.♣♣
.########)#
♣♣...♣♣♣..♣
.##8###8#.#
♣♣♣.♣ ♣..♣
..........#
♣.♣ ♣♣.♣♣
..........#
♣♣♣ ♣..♣
..........#
♣..♣
.##8###8###
♣♣..♣ .####
### ..♣


You could see a jelly.

Vanquished Creatures
  2 adders
  An orc (D:3)
  A ball python (D:4)
  An endoplasm (D:3)
  A goblin (D:3)
  2 hobgoblins (D:3)
  2 quokkas
  A bat (D:3)
  A frilled lizard (D:3)
12 creatures vanquished.

Notes
Turn   | Place    | Note
-------+----------+-------------------------------------------
     0 | D:5      | Reached skill level 9 in Stealth
     0 | D:5      | LSt the Gnoll Delver began the quest for the Orb.
     0 | D:5      | Reached XP level 1. HP: 23/23 MP: 1/1
   169 | D:4      | Found Jetot's Magic Scroll Shop.
   391 | D:4      | Reached XP level 2. HP: 28/29 MP: 2/2
   506 | D:3      | Found a blossoming altar of Fedhas.
   514 | D:3      | Reached XP level 3. HP: 25/35 MP: 3/3
   658 | D:3      | Found a shimmering altar of Xom.
   796 | D:3      | Splashed by a jelly's acid

Illustrated notes

Levels and vault maps discovered:
D:2:      layout_rooms, serial_shops, nicolae_shop_hallway_plus,
          hangedman_decor_slide_cut, ebering_dispersal_statue_hall
D:3:      kb_forest_paths, layout_rooms, mainiacjoe_overflow_large_starburst,
          serial_corexii_hall, chequers_hall_statues_y, corexii_hall_statues_x,
          chequers_hall_statues_wall_a, chequers_hall_statues_wall_a,
          nrook_mini_backslash, minmay_misc_feat_room, minmay_crystal_room
D:4:      layout_basic, serial_shops, nicolae_diamond_shop
D:5:      layout_basic, lemuel_zombie_altar_kikubaaqudgha,
          minmay_misc_feat_ornament

Skill      XL: | |
---------------+-+-----
Stealth        | |  9.5
Fighting       | |  6.5
Short Blades   | |  0.7
Long Blades    | |  0.7
Axes           | |  0.7
Maces & Flails | |  4.5
Polearms       | |  0.7
Staves         | |  0.7
Ranged Weapons | |  0.7
Throwing       | |  0.7
Armour         | |  0.7
Dodging        | |  4.5
Shields        | |  0.7
Unarmed Combat | |  0.7
Spellcasting   | |  0.7
Conjurations   | |  0.5
Hexes          | |  0.5
Summonings     | |  0.5
Necromancy     | |  0.5
Translocations | |  0.5
Transmutations | |  0.5
Fire Magic     | |  0.5
Ice Magic      | |  0.5
Air Magic      | |  0.5
Earth Magic    | |  0.5
Poison Magic   | |  0.5
Invocations    | |  0.9
Evocations     | |  0.7

Action                   || total
-------------------------++-------
Melee: Mace              ||    25
       Dagger            ||     4
       Bite              ||     5
       Punch             ||     1
Throw: Stone             ||     4
Evoke: Wand              ||     2
  Use: Scroll            ||     2
 Stab: Sleeping          ||     4
Armor: Leather armour    ||     4
Dodge: Dodged            ||    15
